 Dungeon Crawl Stone Soup version 0.17.1-3-g152610e (webtiles) character file.

1098 Jerry the Shield-Bearer (level 8, -7/58 HPs)
             Began as a Formicid Abyssal Knight on Mar 8, 2016.
             Was a Priest of Lugonu.
             Killed by an exploding fulminant prism (28 damage)
             ... created by jesusflecha's ghost
             ... on level 6 of the Dungeon.
             The game lasted 00:44:48 (6032 turns).

Jerry the Shield-Bearer (Formicid Abyssal Knight)   Turns: 6032, Time: 00:44:54

Health: -7/58      AC:  8    Str: 21    XL:     8   Next: 57%
Magic:  0/9        EV:  8    Int: 10    God:    Lugonu [***...]
Gold:   128        SH: 15    Dex:  8    Spells: 0 memorised, 7 levels left

rFire  . . .     SeeInvis +     a - +1 mace
rCold  . . .     Clarity  .     p - +0 leather armour (curse)
rNeg   . . .     SustAt   .     h - +0 large shield
rPois  .         Gourm    .     (helmet unavailable)
rElec  +         Spirit   +     v - +1 cloak
rCorr  .         Warding  .     (no gloves)
rMut   .         Stasis   +     m - +0 pair of boots
MR     .....                    q - amulet of guardian spirit
Stlth  +.........               (no ring)
                                D - +1 ring of protection

@: not resistant to hostile enchantments, very unstealthy
A: permanent stasis, dig shafts and tunnels, four strong arms, antennae 3,
hooves 1, blurry vision 1, clumsy 1, dopey 1, electricity resistance, strong 1
a: Dig, Shaft Self, Depart the Abyss, Bend Space, Banish, Renounce Religion


You were on level 6 of the Dungeon.
You worshipped Lugonu.
Lugonu was most pleased with you.
You were not hungry.

You visited 1 branch of the dungeon, and saw 6 of its levels.
You visited the Abyss 1 time.

You collected 296 gold pieces.
You spent 168 gold pieces at shops.

Inventory:

Hand Weapons
 a - a +1 mace (weapon)
 e - a +0 whip
Armour
 g - a +0 ring mail
 h - a +0 large shield (worn)
 m - a +0 pair of boots (worn)
 p - a cursed +0 leather armour (worn)
 t - the +2 leather armour of the Crypt {rF+}
   (You found it on level 4 of the Dungeon)

   It protects you from fire.
 v - a +1 cloak (worn)
Jewellery
 q - an amulet of guardian spirit (around neck)
 D - a +1 ring of protection (left hand)
Wands
 b - a wand of random effects (0)
 s - a wand of disintegration (0)
 u - a wand of slowing (10)
 y - a wand of draining (7)
Scrolls
 o - 2 scrolls of fear
 r - a scroll of fog
Potions
 d - 2 potions of flight
 f - 3 potions of lignification
 i - a potion of poison {unknown}
 l - a potion of haste
 n - a potion of might {unknown}
 w - 2 potions of agility
 x - a potion of berserk rage {unknown}
 z - a potion of degeneration {unknown}
 A - a potion of heal wounds
 B - a potion of curing
Comestibles
 c - 4 bread rations
 j - 5 fruits
 k - 3 meat rations
 C - 2 beef jerkies


   Skills:
 - Level 3.2 Fighting
 + Level 5.2 Maces & Flails
 + Level 5.8 Armour
 - Level 0.8 Dodging
 * Level 7.5 Shields
 - Level 2.1 Invocations


You had 7 spell levels left.
You didn't know any spells.

Dungeon Overview and Level Annotations

Branches:
Dungeon (6/15)
 Temple: D:4-7

Altars:
Gozag
Nemelex Xobeh
Vehumet

Shops:
D:4 *   D:5 !

Annotations:
D:6 jesusflecha's ghost, novice DECj


Innate Abilities, Weirdness & Mutations

You are under a permanent stasis effect.
You can dig through walls and to a lower floor.
Your four strong arms can wield two-handed weapons with a shield.
You have a pair of large antennae on your head (SInv).
You have large cloven feet.
Scrolls take you a little longer to read.
You are clumsy. (Dex -2)
You are dopey. (Int -2)
You are resistant to electric shocks.
Your muscles are strong. (Str +2)


Message History

Jesusflecha's ghost points at you and mumbles some strange words.
The magic dart hits you!
An ogre comes into view. It is wielding a giant club.
The ogre shouts!
You hit jesusflecha's ghost but do no damage.
Jesusflecha's ghost is severely damaged.
Jesusflecha's ghost says, "What do you have that I didn't have?"
Jesusflecha's ghost casts a spell next to you.
Jesusflecha's ghost conjures a prism of explosive energy!
You closely miss jesusflecha's ghost.
Jesusflecha's ghost is severely damaged.
Jesusflecha's ghost barely misses you.
The fulminant prism crackles loudly.
You hit jesusflecha's ghost.
Jesusflecha's ghost is severely damaged.
Jesusflecha's ghost casts a spell at you.
The magic dart hits you!
The fulminant prism explodes!
The blast of energy engulfs you!
You die...

......#.#.##......# ..
#....#..#....#.# #.
....##.##.....# #.
#..##.#..###.. #..
#.####..##.#..# #.. ##... ###
#...<.........###.. .....##..
##.O..##########≈..
#.......########....# ....≈.
#..........W..##@...# ≈.≈.≈..
#...#..#.###..#.W^.# ......≈.
#.....?#.####.###..##########≈..
#...(.......>............##.####
#......######...###....####..###
#......# ###..##.##.# #......
#......### ##.#.....###.#.###
#........# ##....##..........#
...######.# #....####.##..#....


You could see an ogre and jesusflecha's ghost.

Vanquished Creatures
  2 ogres
  A giant frog (D:5)
  3 scorpions (D:4)
  6 crimson imps
  3 hounds
  A giant frog skeleton (D:5)
  2 orc priests
  3 orc wizards (D:5)
  A worker ant (D:4)
  A hound skeleton (D:5)
  8 adders
  A shadow imp (D:6)
  3 oozes (D:3)
  An adder skeleton (D:4)
  A worm (D:3)
  3 giant geckos
  9 orcs
  8 giant cockroaches
  6 goblins
  3 hobgoblins
  6 jackals
  2 quokkas
  7 bats
  7 giant newts
  6 kobolds
  9 rats
103 creatures vanquished.

Vanquished Creatures (others)
  A crimson imp (D:6)
  3 fulminant prisms (D:6)
4 creatures vanquished.

Grand Total: 107 creatures vanquished

Notes
Turn   | Place    | Note
--------------------------------------------------------------
     0 | Abyss:1  | Jerry the Formicid Abyssal Knight began the quest for the Orb.
     0 | Abyss:1  | Reached XP level 1. HP: 18/18 MP: 2/2
   120 | Abyss:1  | Noticed a quasit
   123 | Abyss:1  | Noticed a white draconian
   172 | D:1      | Escaped the Abyss
   232 | D:1      | Reached * piety under Lugonu
   243 | D:1      | Reached XP level 2. HP: 21/24 MP: 3/3
   441 | D:1      | Reached skill level 1 in Shields
   641 | D:2      | Reached XP level 3. HP: 29/29 MP: 4/4
   801 | D:2      | Reached XP level 4. HP: 8/35 MP: 5/5
  1412 | D:2      | Reached ** piety under Lugonu
  1647 | D:2      | Gained mutation: You are resistant to electric shocks. [potion of mutation]
  1647 | D:2      | Gained mutation: You have large cloven feet. [potion of mutation]
  1647 | D:2      | Gained mutation: Your muscles are strong. (Str +2) [potion of mutation]
  1648 | D:2      | Gained mutation: Scrolls take you a little longer to read. [potion of mutation]
  1648 | D:2      | Gained mutation: You are clumsy. (Dex -2) [potion of mutation]
  1648 | D:2      | Gained mutation: You are dopey. (Int -2) [potion of mutation]
  1686 | D:3      | Found an opulent altar of Gozag.
  1793 | D:3      | Found a radiant altar of Vehumet.
  1919 | D:3      | Reached XP level 5. HP: 36/41 MP: 6/6
  1999 | D:3      | Found a sparkling altar of Nemelex Xobeh.
  2342 | D:4      | Found Imabib's General Store.
  2380 | D:4      | Reached skill level 4 in Armour
  2403 | D:4      | Got a jewelled leather armour
  2549 | D:4      | Identified the +2 leather armour of the Crypt {rF+} (You found it on level 4 of the Dungeon)
  2569 | D:4      | Noticed a phantom
  2630 | D:4      | Noticed an ogre
  2668 | D:5      | Entered Level 5 of the Dungeon
  2881 | D:4      | Reached XP level 6. HP: 30/47 MP: 3/7
  3176 | D:4      | Killed an ogre
  3913 | D:4      | Reached XP level 7. HP: 50/52 MP: 8/8
  4061 | D:4      | Reached skill level 5 in Shields
  4207 | D:4      | Reached *** piety under Lugonu
  4693 | D:5      | Reached skill level 5 in Armour
  4756 | D:4      | Reached skill level 6 in Shields
  5106 | D:5      | Reached XP level 8. HP: 46/58 MP: 7/9
  5574 | D:5      | Found Panta's Distillery.
  5580 | D:5      | Bought a potion of heal wounds for 70 gold pieces
  5580 | D:5      | Bought a potion of agility for 56 gold pieces
  5580 | D:5      | Bought a potion of curing for 42 gold pieces
  5631 | D:5      | Reached skill level 5 in Maces & Flails
  5631 | D:5      | Reached skill level 7 in Shields
  5823 | D:6      | Noticed jesusflecha's ghost (novice DECj)
  6032 | D:6      | Killed by an exploding fulminant prism

Action                   |  1- 3 |  4- 6 |  7- 9 || total
-------------------------+-------+-------+-------++-------
Melee: Mace              |    94 |   195 |   281 ||   570
Invok: Depart the Abyss  |     1 |       |       ||     1
       Bend Space        |       |     2 |       ||     2
Evoke: Wand              |       |    15 |       ||    15
  Use: Scroll            |     1 |     8 |     4 ||    13
       Potion            |       |     2 |       ||     2
 Stab: Paralysed         |       |     4 |       ||     4
  Eat: Chunk             |       |     9 |     7 ||    16
       Fruit             |       |     1 |     1 ||     2
